 Dungeon Crawl Stone Soup version 0.27.1-1-g398f81649c (webtiles) character file.

Game seed: 13006702030927020634

221 MisterFreud the Shield-Bearer (level 5, 0/47 HPs)
             Began as a Gnoll Fighter on Sept 6, 2021.
             Was a Follower of Jiyva.
             Succumbed to a scorpion's poison
             ... on level 4 of the Dungeon.
             The game lasted 00:03:07 (2804 turns).

MisterFreud the Shield-Bearer (Gnoll Fighter)       Turns: 2804, Time: 00:03:08

Health: 0/47       AC:  7    Str: 14    XL:     5   Next: 98%
Magic:  2/7        EV:  8    Int:  9    God:    Jiyva [*.....]
Gold:   156        SH: 10    Dex: 12    Spells: 7/7 levels left

rFire    . . .     SeeInvis .   a - +0 war axe
rCold    . . .     Faith    .   c - +0 kite shield
rNeg     . . .     Spirit   +   b - +0 scale mail
rPois    .         Reflect  .   (no helmet)
rElec    .         Harm     .   (no cloak)
rCorr    +         Rampage  .   (no gloves)
Will     .....                  (no boots)
Stlth    ..........             h - amulet of guardian spirit
HPRegen  0.15/turn              e - ring of resist corrosion
MPRegen  0.10/turn              (no ring)

@: lethally poisoned (0 -> -20)
A: fangs 1, strong nose, distributed training
a: Renounce Religion, Request Jelly


You were on level 4 of the Dungeon.
You worshipped Jiyva.
Jiyva was aware of your devotion.
You visited 1 branch of the dungeon, and saw 4 of its levels.

You collected 156 gold pieces.

Inventory:

Hand Weapons
 a - a +0 war axe (weapon)
Armour
 b - a +0 scale mail (worn)
 c - a +0 kite shield (worn)
Jewellery
 e - a ring of resist corrosion (left hand)
 h - an amulet of guardian spirit (around neck)
Scrolls
 f - a scroll of magic mapping {unknown}
 g - a scroll of noise {unknown}
 j - a scroll of amnesia {unknown}
 k - 2 scrolls of identify {unknown}
 n - a scroll of summoning {unknown}
Potions
 d - 5 potions of might
 i - a potion of invisibility {unknown}
 l - a potion of flight {unknown}
 m - 2 potions of curing {unknown}


   Skills:
 + Level 6.7 Fighting
 + Level 1.7 Short Blades
 + Level 1.7 Long Blades
 + Level 4.9 Axes
 + Level 1.7 Maces & Flails
 + Level 1.7 Polearms
 + Level 1.7 Staves
 + Level 1.7 Slings
 + Level 1.7 Bows
 + Level 1.7 Crossbows
 + Level 1.7 Throwing
 + Level 6.7 Armour
 + Level 1.7 Dodging
 + Level 1.7 Stealth
 + Level 6.7 Shields
 + Level 1.7 Unarmed Combat
 + Level 1.7 Spellcasting
 + Level 1.3 Conjurations
 + Level 1.3 Hexes
 + Level 1.3 Summonings
 + Level 1.3 Necromancy
 + Level 1.3 Translocations
 + Level 1.3 Transmutations
 + Level 1.3 Fire Magic
 + Level 1.3 Ice Magic
 + Level 1.3 Air Magic
 + Level 1.3 Earth Magic
 + Level 1.3 Poison Magic
 + Level 1.9 Invocations
 + Level 1.7 Evocations


You had 7 spell levels left.
You didn't know any spells.
Your spell library contained the following spells:

 Spells                   Type           Power      Damage    Failure   Level
 Magic Dart               Conj           12%        1d3       91%         1
 Searing Ray              Conj           6%         3d3       97%         2
 Dazzling Flash           Conj/Hex       6%         N/A       99%         3
 Fulminant Prism          Conj/Hex       1%         3d6       100%        4
 Agony                    Necr           3%         N/A       100%        5
 Silence                  Hex/Air        1%         N/A       100%        5


Dungeon Overview and Level Annotations

Branches:
Dungeon (4/15)
 Temple: D:4-7

Altars:
Hepliaklqana
Qazlal
Jiyva

Annotations:
D:4 2 runed translucent doors


Innate Abilities, Weirdness & Mutations

You have very sharp teeth.
Your uncanny sense of smell can sniff out nearby items.
Your experience applies equally to all skills.


Message History

You barely miss the scorpion.
The scorpion is moderately wounded.
You block the scorpion's attack. The scorpion stings you.
You hear a distant slurping noise.
You hit the scorpion but do no damage.
The scorpion is moderately wounded.
You block the scorpion's attack. x2
You hit the scorpion.
The scorpion is severely wounded.
The scorpion closely misses you. The scorpion stings you.
You are poisoned.
The scorpion poisons you!
You hit the scorpion but do no damage. Your bite misses the scorpion.
The scorpion is severely wounded.
You feel very sick. You block the scorpion's attack.
You hit the scorpion.
The scorpion is almost dead.
You feel sick. You block the scorpion's attack. The scorpion stings you.
You are more poisoned.
The scorpion poisons you!
You hit the scorpion but do no damage.
The scorpion is almost dead.
You feel very sick. You block the scorpion's attack.
You hear a distant slurping noise.
The scorpion stings you.
* * * LOW HITPOINT WARNING * * *
You closely miss the scorpion.
The scorpion is almost dead.
* * * LOW HITPOINT WARNING * * *
You feel very sick. The scorpion stings you.
* * * LOW HITPOINT WARNING * * *
You are more poisoned.
The scorpion poisons you!
You hear a distant slurping noise.
You hear a squelching noise.
You closely miss the scorpion.
The scorpion is almost dead.
You die...

..... # ..... #. .....
#. .... #++####..#
.8#..#8....# .# ..
+....+.s..# ###+#.
...8####8@...# #....#
.............#####....#
.....#..........+....#
#### #.####.##..#....#
#.# #.##..#....# #.#
#.##..#....#
#.####.##..#.#.##
#.#........#.#.#
#.#.##.##.##.#.#


You could see a scorpion.

Vanquished Creatures
  A phantom (D:3)
  5 adders
  A river rat (D:3)
  2 worms
  6 dart slugs
  6 endoplasms
  4 giant cockroaches
  10 goblins
  9 hobgoblins
  3 kobolds
  6 quokkas
  6 ball pythons
  6 bats
  9 rats
74 creatures vanquished.

Vanquished Creatures (others)
  A goblin (D:4)
1 creature vanquished.

Grand Total: 75 creatures vanquished

Notes
Turn   | Place    | Note
-------+----------+-------------------------------------------
     0 | D:1      | MisterFreud the Gnoll Fighter began the quest for the Orb.
     0 | D:1      | Reached XP level 1. HP: 23/23 MP: 1/1
   202 | D:1      | Reached XP level 2. HP: 27/29 MP: 2/2
   390 | D:1      | Reached XP level 3. HP: 31/35 MP: 3/3
   804 | D:2      | Reached skill level 1 in Invocations
   832 | D:2      | Reached skill level 1 in Short Blades
   832 | D:2      | Reached skill level 1 in Long Blades
   832 | D:2      | Reached skill level 1 in Maces & Flails
   832 | D:2      | Reached skill level 1 in Polearms
   832 | D:2      | Reached skill level 1 in Staves
   832 | D:2      | Reached skill level 1 in Slings
   832 | D:2      | Reached skill level 1 in Bows
   832 | D:2      | Reached skill level 1 in Crossbows
   832 | D:2      | Reached skill level 1 in Throwing
   832 | D:2      | Reached skill level 1 in Dodging
   832 | D:2      | Reached skill level 1 in Stealth
   832 | D:2      | Reached skill level 1 in Unarmed Combat
   832 | D:2      | Reached skill level 1 in Spellcasting
   832 | D:2      | Reached skill level 1 in Evocations
  1033 | D:2      | Reached XP level 4. HP: 41/41 MP: 5/5
  1380 | D:2      | Found a faded altar of an unknown god.
  1466 | D:3      | Noticed a phantom
  1488 | D:3      | Killed a phantom
  1489 | D:3      | Reached skill level 1 in Conjurations
  1489 | D:3      | Reached skill level 1 in Hexes
  1489 | D:3      | Reached skill level 1 in Summonings
  1489 | D:3      | Reached skill level 1 in Necromancy
  1489 | D:3      | Reached skill level 1 in Translocations
  1489 | D:3      | Reached skill level 1 in Transmutations
  1489 | D:3      | Reached skill level 1 in Fire Magic
  1489 | D:3      | Reached skill level 1 in Ice Magic
  1489 | D:3      | Reached skill level 1 in Air Magic
  1489 | D:3      | Reached skill level 1 in Earth Magic
  1489 | D:3      | Reached skill level 1 in Poison Magic
  1489 | D:3      | Reached XP level 5. HP: 8/47 MP: 2/7
  2047 | D:3      | Found a stormy altar of Qazlal.
  2323 | D:3      | Found a hazy altar of Hepliaklqana.
  2611 | D:2      | Became a worshipper of Jiyva Jodeagid the Shapeless
  2611 | D:2      | Reached * piety under Jiyva
  2790 | D:4      | Found a large runed translucent door.
  2790 | D:4      | Found a large runed translucent door.
  2804 | D:4      | Succumbed to a scorpion's poison

Illustrated notes

Levels and vault maps discovered:
D:1:      amcnicky_arrival_feature_with_door, layout_loops_cross
D:2:      layout_basic, hellmonk_ecumenical_altar_run_dry
D:3:      cheibrodos_greedy_goblins, layout_loops_ring,
          nzn_hepliaklqana_mist_gate, nicolae_qazlal_general_emergency,
          gup_sewer_entry_bubbles
D:4:      due_chaos_kobolds, layout_basic, jmf_multi_god_temple2,
          minmay_temple_entry_purple_smoke

Skill      XL: |  1  2  3  4 |
---------------+-------------+-----
Invocations    | 1 |  1.9
Short Blades   | 1 |  1.7
Long Blades    | 1 |  1.7
Maces & Flails | 1 |  1.7
Polearms       | 1 |  1.7
Staves         | 1 |  1.7
Slings         | 1 |  1.7
Bows           | 1 |  1.7
Crossbows      | 1 |  1.7
Throwing       | 1 |  1.7
Dodging        | 1 |  1.7
Stealth        | 1 |  1.7
Unarmed Combat | 1 |  1.7
Spellcasting   | 1 |  1.7
Evocations     | 1 |  1.7
Conjurations   | 1 |  1.3
Hexes          | 1 |  1.3
Summonings     | 1 |  1.3
Necromancy     | 1 |  1.3
Translocations | 1 |  1.3
Transmutations | 1 |  1.3
Fire Magic     | 1 |  1.3
Ice Magic      | 1 |  1.3
Air Magic      | 1 |  1.3
Earth Magic    | 1 |  1.3
Poison Magic   | 1 |  1.3
Fighting       | |  6.7
Axes           | |  4.9
Armour         | |  6.7
Shields        | |  6.7

Action                   |  1- 3 |  4- 6 || total
-------------------------+-------+-------++-------
Melee: War axe           |    85 |   141 ||   226
       Bite              |     7 |     9 ||    16
Armor: Scale mail        |    34 |    59 ||    93
Dodge: Dodged            |    24 |    52 ||    76
Block: Kite shield       |    33 |    82 ||   115
